 Dungeon Crawl Stone Soup version 0.25-a0-109-ge9c0e85935 (webtiles) character file.

Game seed: 11060054059209424756, levelgen mode: deterministic

111 vurker the Skirmisher (level 5, -6/42 HPs)
             Began as a Formicid Abyssal Knight on Nov 18, 2019.
             Was a Believer of Lugonu.
             Killed from afar by an orc wizard (8 damage)
             ... with a puff of flame
             ... on level 3 of the Dungeon.
             The game lasted 00:02:58 (2807 turns).

vurker the Skirmisher (Formicid Abyssal Knight)     Turns: 2807, Time: 00:02:59

Health: -6/42      AC:  6    Str: 17    XL:     5   Next: 15%
Magic:  7/7        EV:  9    Int: 12    God:    Lugonu [**....]
Gold:   90         SH:  0    Dex: 10    Spells: 4/4 levels left

rFire    . . .     SeeInvis +   a - +1 hand axe
rCold    . . .     Gourm    .   (no shield)
rNeg     . . .     Faith    .   i - +0 scale mail
rPois    +         Spirit   .   (helmet unavailable)
rElec    .         Reflect  .   (no cloak)
rCorr    .         Harm     .   (no gloves)
MR       .....                  (no boots)
Stlth    ..........             k - amulet of the acrobat
HPRegen  0.14/turn              q - ring of poison resistance
MPRegen  0.10/turn              (no ring)

@: lightly drained
A: permanent stasis, dig shafts and tunnels, four strong arms, antennae 3
a: Dig, Shaft Self, Depart the Abyss, Bend Space, Renounce Religion


You were on level 3 of the Dungeon.
You worshipped Lugonu.
Lugonu was pleased with you.
You were not hungry.

You visited 1 branch of the dungeon, and saw 3 of its levels.
You visited the Abyss 1 time.

You collected 90 gold pieces.

Inventory:

Hand Weapons
 a - a +1 hand axe (weapon)
Missiles
 n - a throwing net (quivered)
Armour
 i - a +0 scale mail (worn)
   (You took it off an orc on level 3 of the Dungeon)
Jewellery
 k - an amulet of the acrobat (around neck)
   (You took it off a hobgoblin on level 2 of the Dungeon)
 q - a ring of poison resistance (left hand)
   (You found it on level 3 of the Dungeon)
Scrolls
 d - 6 scrolls of identify {unknown}
 f - a scroll of blinking {unknown}
 j - a scroll of random uselessness {unknown}
 m - a scroll of fear {unknown}
 o - a scroll of immolation {unknown}
Potions
 c - 3 potions of berserk rage {unknown}
 g - a potion of brilliance {unknown}
 h - a potion of haste {unknown}
 l - a potion of curing {unknown}
 p - a potion of might {unknown}
Comestibles
 b - a chunk of flesh
 e - 4 rations


   Skills:
 + Level 4.1(3.6) Fighting
 * Level 3.7(3.2) Axes
 - Level 2.1(1.7) Armour
 - Level 0.8(0.4) Dodging
 + Level 3.4(2.9) Invocations


You had 4 spell levels left.
You didn't know any spells.
Your spell library was empty.

Dungeon Overview and Level Annotations

Branches:
Dungeon (3/15)

Altars:
Dithmenos
Nemelex Xobeh


Innate Abilities, Weirdness & Mutations

You cannot be hasted, slowed, berserked, paralysed or teleported.
You can dig through walls and to a lower floor.
Your four strong arms can wield two-handed weapons with a shield.
You have a pair of large antennae on your head. (SInv)


Message History

The orc wizard hits you but does no damage.
The orc barely misses you.
The orc wizard hits you but does no damage.
You miss the orc wizard. You closely miss the orc.
The orc wizard hits you but does no damage.
The orc hits you with a +0 short sword.
You hit the orc wizard but do no damage.
You hit the orc but do no damage.
The orc wizard hits you with a +0 dagger.
The orc hits you with a +0 short sword. The orc wizard casts a spell at you.
The magic dart hits you!
You hit the orc wizard. You hit the orc.
The orc wizard hits you with a +0 dagger.
* * * LOW HITPOINT WARNING * * *
The orc hits you with a +0 short sword.
* * * LOW HITPOINT WARNING * * *
The orc wizard hits you but does no damage.
You hit the orc wizard. You hit the orc but do no damage.
The orc wizard hits you with a +0 dagger.
* * * LOW HITPOINT WARNING * * *
The orc hits you but does no damage.
You barely miss the orc wizard. You hit the orc.
The orc wizard hits you with a +0 dagger.
* * * LOW HITPOINT WARNING * * *
The orc misses you.
The orc wizard hits you but does no damage.
You closely miss the orc wizard. You hit the orc.
The orc wizard begins to cast a cantrip, but forgets the words!
The orc hits you but does no damage. The orc wizard misses you.
The orc hits you but does no damage.
You hit the orc wizard but do no damage.
You hit the orc but do no damage.
The orc wizard hits you but does no damage.
The orc misses you. The orc wizard completely misses you.
You barely miss the orc wizard. You hit the orc.
You kill the orc!
Lugonu accepts your kill. The orc wizard closely misses you.
Your scale mail prevents you from hitting the orc wizard.
The orc wizard points at you and mumbles some strange words.
The puff of flame hits you!
* * * LOW HITPOINT WARNING * * *
The orc wizard casts a spell at you. The magic dart hits you.
* * * LOW HITPOINT WARNING * * *
You hit the orc wizard. The orc wizard casts a spell at you.
The puff of flame hits you!
You die...

...... ..... .... . ....
... #.. .[.... ..#....
...... ..... ....(.
##o.# .....####@).#..#
#####.......#...........
#.....##.###............
.......#.##...........⌠.
.........##.............
........................
.........##.............
.........#..............
.......................


You could see an orc wizard.

Vanquished Creatures
  4 adders (D:2)
  A worm (D:2)
  A dart slug (D:1)
  2 leopard geckos
  5 orcs (D:3)
  3 bats
  4 giant cockroaches (D:1)
  11 goblins
  7 hobgoblins
  4 jackals (D:1)
  3 kobolds
  A quokka (D:2)
  A ball python (D:2)
  3 frilled lizards
  8 rats
58 creatures vanquished.

Notes
Turn   | Place    | Note
-------+----------+-------------------------------------------
     0 | Abyss:1  | vurker the Formicid Abyssal Knight began the quest for the
                  | Orb.
     0 | Abyss:1  | Reached XP level 1. HP: 18/18 MP: 2/2
    11 | D:1      | Escaped the Abyss
    42 | D:1      | Reached XP level 2. HP: 12/24 MP: 3/3
   315 | D:1      | Reached XP level 3. HP: 15/29 MP: 3/5
   547 | D:1      | Reached ** piety under Lugonu
  1021 | D:2      | Reached XP level 4. HP: 22/37 MP: 6/6
  2059 | D:2      | Reached skill level 4 in Fighting
  2284 | D:2      | Found a sparkling altar of Nemelex Xobeh.
  2293 | D:2      | Found a shadowy altar of Dithmenos.
  2470 | D:2      | Reached XP level 5. HP: 29/42 MP: 7/7
  2806 | D:3      | HP: 2/42 [orc wizard/magic dart (6)]
  2807 | D:3      | Killed from afar by an orc wizard

Levels and vault maps discovered:
D:1:      tarquinn_simple_flora_water_c, layout_basic
D:2:      layout_basic, amethyst_overflow_temple_binary, first_ration
D:3:      layout_rooms, solitary_fountain, corner_web_ring

Skill      XL: |  1  2  3  4 |
---------------+-------------+-----
Axes           | 3 |  3.7
Invocations    | 3 |  3.4
Fighting       | 4 |  4.1
Armour         | |  2.1
Dodging        | |  0.8

Action                   |  1- 3 |  4- 6 || total
-------------------------+-------+-------++-------
Melee: Hand axe          |   107 |   110 ||   217
  Eat: Chunk             |       |     6 ||     6
Armor: Leather armour    |    34 |    25 ||    59
       Scale mail        |       |    10 ||    10
Dodge: Dodged            |    72 |    78 ||   150

Table legend:
 A = Non-vault XP
 B = Vault XP
 C = Vault XP percentage of total XP
 D = Non-vault monster count
 E = Vault monster count
 F = Vault count percentage of total count
                 A         B        C        D         E       F
            +---------+---------+-------+---------+---------+-------
      Total |     159 |       0 |   0.0 |      58 |       0 |   0.0
            +---------+---------+-------+---------+---------+-------
        D:1 |      49 |       0 |   0.0 |      25 |       0 |   0.0
        D:2 |      90 |       0 |   0.0 |      24 |       0 |   0.0
        D:3 |      20 |       0 |   0.0 |       9 |       0 |   0.0
            +---------+---------+-------+---------+---------+-------
